[Event "Titled Tuesday Blitz February 28 Early 2023"]
[White "Saravana, Krishnan P."]
[Black "Livaic, Leon"]
[WhiteFideId "5018382"]
[BlackFideId "14531534"]
[WhiteElo "2189"]
[BlackElo "2509"]
[Result "0-1"]
[Round "04"]
[TimeControl "180+2"]
[Date "2023.02.28"]
[WhiteClock "0:00:09"]
[BlackClock "0:00:55"]

1. e4 d5 2. exd5 Qxd5 3. Nf3 Nc6 4. Be2 Bg4 5. h3 Bh5 6. Nc3 Qd7 7. d4 e6 8. Be3 Bb4 9. O-O Nf6 10. Ne5 Bxe2 11. Qxe2 Nxe5 12. dxe5 Bxc3 13. bxc3 Nd5 14. Bc5 Qc6 15. Bd4 O-O 16. Qf3 Ne7 17. Qxc6 Nxc6 18. f4 Rfd8 19. Be3 Na5 20. Rfd1 Nc4 21. Kf2 b6 22. Ke2 Nb2 23. Rd4 c5 24. Re4 b5 25. Bxc5 Na4 26. Bd4 Rac8 27. Re3 b4 28. Rd1 a5 29. cxb4 Rxc2+ 30. Kf3 axb4 31. Red3 h5 32. g4 hxg4+ 33. hxg4 Rxa2 34. f5 Ra3 35. fxe6 fxe6 36. Rxa3 bxa3 37. Ke4 Nc3+ 0-1


[Site "https://www.chess.com"]

[Event "Titled Tuesday Blitz February 28 Early 2023"]
[White "Bharath Subramaniyam H"]
[Black "Sharapov, Evgeny"]
[WhiteFideId "46634827"]
[BlackFideId "14103133"]
[WhiteElo "2395"]
[BlackElo "2367"]
[Result "1-0"]
[Round "04"]
[TimeControl "180+2"]
[Date "2023.02.28"]
[WhiteClock "0:00:58"]
[BlackClock "0:00:40"]

1. d4 d5 2. Nf3 Nf6 3. Bf4 c6 4. e3 Bg4 5. Nbd2 e6 6. c3 Bd6 7. Qb3 b6 8. Ne5 Bf5 9. Be2 O-O 10. O-O Qc7 11. c4 Nbd7 12. Ndf3 Be4 13. Nxd7 Nxd7 14. Bxd6 Qxd6 15. Nd2 Bg6 16. Rfc1 Rfc8 17. a4 c5 18. cxd5 cxd4 19. exd4 exd5 20. Ba6 Rxc1+ 21. Rxc1 Nf6 22. Nf3 Qf4 23. Qe3 Qxe3 24. fxe3 Ne8 25. Ne5 f6 26. Nc6 Kf8 27. Bb7 1-0


[Site "https://www.chess.com"]

[Event "Titled Tuesday Blitz February 28 Early 2023"]
[White "Aldokhin, Ivan"]
[Black "Acor, Corey"]
[WhiteFideId "24115720"]
[BlackFideId "2024861"]
[WhiteElo "2322"]
[BlackElo "2341"]
[Result "1/2-1/2"]
[Round "04"]
[TimeControl "180+2"]
[Date "2023.02.28"]
[WhiteClock "0:00:12"]
[BlackClock "0:00:17"]

1. e4 e5 2. Nf3 Nc6 3. Bb5 Nge7 4. Nc3 d6 5. d4 Bd7 6. Bg5 h6 7. Be3 Ng6 8. Qd2 Be7 9. O-O-O a6 10. Bxc6 Bxc6 11. dxe5 dxe5 12. Nd5 Bxd5 13. Qxd5 Qxd5 14. Rxd5 Bd6 15. c4 b6 16. Bxb6 Nf4 17. Rdd1 O-O-O 18. Ba5 f5 19. exf5 e4 20. Nd4 Nd3+ 21. Rxd3 exd3 22. Ne6 Rd7 23. Bc3 Rg8 24. Rd1 Be7 25. f4 Bf6 26. Bxf6 gxf6 27. g3 h5 28. Kd2 h4 29. Rg1 hxg3 30. hxg3 Rh8 31. Rg2 Rh1 32. g4 Rb1 33. Ke3 Re1+ 34. Kd2 Rb1 35. Ke3 Re1+ 36. Kd2 Rb1 1/2-1/2


[Site "https://www.chess.com"]

[Event "Titled Tuesday Blitz February 28 Early 2023"]
[White "Ohanyan, Emin"]
[Black "Ordekalog"]
[WhiteFideId "13312022"]
[WhiteElo "2403"]
[BlackElo "2578"]
[Result "1-0"]
[Round "04"]
[TimeControl "180+2"]
[Date "2023.02.28"]
[WhiteClock "0:00:04"]
[BlackClock "0:00:11"]

1. e4 c5 2. Nf3 e6 3. d4 cxd4 4. Nxd4 Nf6 5. Nc3 Nc6 6. Nxc6 bxc6 7. e5 Nd5 8. Ne4 f5 9. exf6 Nxf6 10. Nd6+ Bxd6 11. Qxd6 Qb6 12. Bd3 c5 13. Bf4 Bb7 14. O-O Rc8 15. c4 Qxd6 16. Bxd6 Rc6 17. Be5 Rb6 18. Rfe1 Kf7 19. Rad1 a5 20. Bc2 d5 21. f3 Rc8 22. Bc3 d4 23. Bxa5 Ra6 24. Bd2 Rxa2 25. Bc1 Ba6 26. Bd3 Rb8 27. Re5 Nd7 28. Rh5 Rb3 29. Rxh7 Rxd3 30. Rxd3 Bxc4 31. Rd1 Bb3 32. Re1 Nf6 33. Rh8 Ng8 34. Rh5 Bd5 35. Rhe5 Nf6 36. h4 Nd7 37. R5e2 c4 38. Rf2 d3 39. Be3 Nb8 40. Bd4 Na6 41. h5 Nb4 42. Bc3 Nc2 43. Re5 Ra1+ 44. Kh2 Ke7 45. Rg5 Kd6 46. Rxg7 Ne3 47. h6 Nf5 48. h7 1-0


[Site "https://www.chess.com"]

[Event "Titled Tuesday Blitz February 28 Early 2023"]
[White "Aggelis, Nikolaos"]
[Black "Yeletsky, Ivan"]
[WhiteFideId "4213220"]
[BlackFideId "24180327"]
[WhiteElo "2189"]
[BlackElo "2414"]
[Result "0-1"]
[Round "04"]
[TimeControl "180+2"]
[Date "2023.02.28"]
[WhiteClock "0:00:34"]
[BlackClock "0:01:17"]

1. c4 e5 2. g3 h5 3. Nf3 Nc6 4. Nc3 Bb4 5. d3 Bxc3+ 6. bxc3 d6 7. Bg5 f6 8. Be3 Nge7 9. Bg2 Bg4 10. h3 Be6 11. Rb1 b6 12. d4 Na5 13. Nd2 Nf5 14. Bxa8 Qxa8 15. d5 Bd7 16. O-O Nxe3 17. fxe3 Bxh3 18. Rf2 h4 19. Qc2 Rh6 20. gxh4 Qc8 21. Qe4 f5 22. Qh1 f4 23. exf4 Qg4+ 24. Rg2 Bxg2 25. Qxg2 Qh5 26. Nf3 Nxc4 27. fxe5 Rg6 28. Ng5 Qxh4 0-1


[Site "https://www.chess.com"]

[Event "Titled Tuesday Blitz February 28 Early 2023"]
[White "Drygalov, Andrey"]
[Black "Tologon tegin, Semetei"]
[WhiteFideId "24171735"]
[BlackFideId "13800574"]
[WhiteElo "2471"]
[BlackElo "2247"]
[Result "1-0"]
[Round "04"]
[TimeControl "180+2"]
[Date "2023.02.28"]
[WhiteClock "0:01:20"]
[BlackClock "0:00:10"]

1. e4 c6 2. Nf3 d5 3. d3 dxe4 4. dxe4 Qxd1+ 5. Kxd1 Bg4 6. Be2 Nd7 7. Nbd2 e5 8. Ne1 Bxe2+ 9. Kxe2 O-O-O 10. Nd3 f6 11. Nc4 Nc5 12. f3 Nxd3 13. cxd3 Bc5 14. f4 exf4 15. Bxf4 Ne7 16. Rac1 Ng6 17. Bg3 Rhe8 18. Rhf1 Re6 19. a3 Bd4 20. b4 b6 21. h4 h6 22. a4 Kb7 23. b5 c5 24. a5 Be5 25. a6+ Kc7 26. Nxe5 Nxe5 27. Rf5 Kd6 28. Rcf1 Rde8 29. Ke3 Kd7 30. Bxe5 Rxe5 31. g4 Rxf5 32. gxf5 Kd6 33. Rg1 Re7 34. d4 cxd4+ 35. Kxd4 Rc7 36. Rg6 Rd7 37. e5+ Ke7+ 38. Ke4 Kf8 39. exf6 Rd1 40. fxg7+ Kg8 41. f6 Rf1 42. Rxh6 Kf7 43. Rh8 Rg1 44. Rf8+ 1-0


[Site "https://www.chess.com"]

[Event "Titled Tuesday Blitz February 28 Early 2023"]
[White "Molina, Roberto Junio Brito"]
[Black "Domingo Nunez, Alejandro"]
[WhiteFideId "2109450"]
[BlackFideId "22245561"]
[WhiteElo "2376"]
[BlackElo "2230"]
[Result "1-0"]
[Round "04"]
[TimeControl "180+2"]
[Date "2023.02.28"]
[WhiteClock "0:00:23"]
[BlackClock "0:00:05"]

1. d4 g6 2. e4 Bg7 3. Nc3 c6 4. h4 h5 5. Be3 d5 6. e5 Nh6 7. Qd2 Nf5 8. Bf4 c5 9. dxc5 d4 10. O-O-O Nc6 11. Bb5 Qa5 12. Bxc6+ bxc6 13. Nb1 Qxa2 14. Qb4 Be6 15. Nf3 O-O 16. Nxd4 Nxd4 17. Rxd4 Bd5 18. f3 Qa6 19. Rhd1 Rab8 20. Qa3 Qe2 21. R4d2 Qc4 22. g3 Rb7 23. b3 Rfb8 24. Rd4 Qb5 25. Nc3 Qxb3 26. cxb3 Rxb3 27. Qa5 1-0


[Site "https://www.chess.com"]

[Event "Titled Tuesday Blitz February 28 Early 2023"]
[White "Postny, Evgeny"]
[Black "Al-Tarboush, Ward"]
[WhiteFideId "2804344"]
[BlackFideId "7601450"]
[WhiteElo "2509"]
[BlackElo "2267"]
[Result "0-1"]
[Round "04"]
[TimeControl "180+2"]
[Date "2023.02.28"]
[WhiteClock "0:00:04"]
[BlackClock "0:00:08"]

1. d4 Nf6 2. Nf3 d5 3. c4 c6 4. Nc3 dxc4 5. a4 Bf5 6. e3 e6 7. Bxc4 Bb4 8. O-O Nbd7 9. Qe2 Bg6 10. Rd1 O-O 11. Bd2 Qe7 12. Be1 e5 13. dxe5 Nxe5 14. Nxe5 Qxe5 15. h3 Rae8 16. Qf3 Bd6 17. g3 Bh5 18. g4 Bg6 19. Qg2 h5 20. g5 Ne4 21. Nxe4 Bxe4 22. f3 Bf5 23. e4 Bc8 24. Bf2 Qf4 25. Rd3 h4 26. Be3 Qe5 27. Rad1 Bc5 28. b3 b5 29. axb5 cxb5 30. Bd5 Bxe3+ 31. Rxe3 Qf4 32. Red3 Re5 33. Qh2 Rxg5+ 34. Kh1 Rg3 35. Bxf7+ Kh7 36. Bh5 Rxh3 37. Qxh3 Bxh3 38. Rd5 Be6 39. Rd6 Qe5 40. Bg4 Bxg4 41. fxg4 Qxe4+ 42. Kh2 Rf2+ 43. Kh3 Qf3+ 44. Kxh4 Rh2+ 45. Kg5 Qe3+ 46. Kf5 Rf2# 0-1


[Site "https://www.chess.com"]

[Event "Titled Tuesday Blitz February 28 Early 2023"]
[White "Migot, Tangi"]
[Black "Harsh Suresh"]
[WhiteFideId "662445"]
[BlackFideId "45018464"]
[WhiteElo "2555"]
[BlackElo "2227"]
[Result "0-1"]
[Round "04"]
[TimeControl "180+2"]
[Date "2023.02.28"]
[WhiteClock "0:00:22"]
[BlackClock "0:00:09"]

1. d4 Nf6 2. c4 c5 3. d5 e6 4. Nc3 exd5 5. cxd5 d6 6. e4 g6 7. h3 Bg7 8. Bd3 O-O 9. Nf3 Na6 10. O-O Nc7 11. Re1 Re8 12. Bf4 Rb8 13. a4 b6 14. Qc2 a6 15. Rab1 b5 16. axb5 axb5 17. b4 c4 18. Bf1 Bb7 19. Rbd1 Qd7 20. e5 Nfxd5 21. Nxd5 Nxd5 22. Bg3 Nxb4 23. Qb1 Nd5 24. Qc2 Rbc8 25. exd6 Nc3 26. Rxe8+ Rxe8 27. Re1 Rxe1 28. Nxe1 Ne4 29. Bh2 Bd4 30. Nf3 Bxf2+ 31. Kh1 Bc5 32. Bf4 Bxd6 33. Bxd6 Qxd6 34. Qb2 Ng3+ 35. Kg1 Qc5+ 36. Qf2 Qxf2+ 37. Kxf2 Nxf1 38. Kxf1 Bxf3 0-1


[Site "https://www.chess.com"]

[Event "Titled Tuesday Blitz February 28 Early 2023"]
[White "Mammadzada, Gunay"]
[Black "Maximov, Dmitry"]
[WhiteFideId "13403729"]
[BlackFideId "14105659"]
[WhiteElo "2396"]
[BlackElo "2494"]
[Result "0-1"]
[Round "04"]
[TimeControl "180+2"]
[Date "2023.02.28"]
[WhiteClock "0:00:39"]
[BlackClock "0:01:13"]

1. e4 c5 2. Nf3 d6 3. d4 cxd4 4. Nxd4 Nf6 5. Nc3 a6 6. Bd3 e5 7. Nde2 Be7 8. O-O O-O 9. Bg5 Nbd7 10. a4 h6 11. Bh4 b6 12. Ng3 g5 13. Nf5 gxh4 14. Nxh6+ Kh7 15. Nf5 Rg8 16. Qd2 Bf8 17. Bc4 Qe8 18. Nd5 Ra7 19. Nxd6 Bxd6 20. Nxf6+ Nxf6 21. Qxd6 Qe7 22. Qxb6 Bh3 0-1


[Site "https://www.chess.com"]

[Event "Titled Tuesday Blitz February 28 Early 2023"]
[White "Alexakis, Dimitris"]
[Black "Stijve, Theo"]
[WhiteFideId "4277023"]
[BlackFideId "1331132"]
[WhiteElo "2493"]
[BlackElo "2256"]
[Result "0-1"]
[Round "04"]
[TimeControl "180+2"]
[Date "2023.02.28"]
[WhiteClock "0:00:02"]
[BlackClock "0:00:58"]

1. Nf3 Nf6 2. g3 d5 3. Bg2 e6 4. O-O Be7 5. c4 O-O 6. d4 dxc4 7. Na3 Bxa3 8. bxa3 Nd5 9. a4 a5 10. Ba3 Re8 11. Rc1 Nb6 12. Ne5 Bd7 13. Nxd7 N8xd7 14. Bxb7 Rb8 15. Bc6 e5 16. dxe5 Rxe5 17. Qd4 Re6 18. Bg2 Nf6 19. Qc5 Rxe2 20. Rfd1 Qc8 21. Bf3 Rxa2 22. Qe7 h6 23. Bc5 Qf5 24. Qe3 Nxa4 25. Bd4 Rb3 0-1


[Site "https://www.chess.com"]

[Event "Titled Tuesday Blitz February 28 Early 2023"]
[White "Kilic, Eray"]
[Black "Roebers, Eline"]
[WhiteFideId "44517173"]
[BlackFideId "1058401"]
[WhiteElo "2328"]
[BlackElo "2551"]
[Result "1-0"]
[Round "04"]
[TimeControl "180+2"]
[Date "2023.02.28"]
[WhiteClock "0:00:09"]
[BlackClock "0:00:05"]

1. d4 f5 2. g3 Nf6 3. Bg2 g6 4. Nf3 Bg7 5. O-O O-O 6. c4 d6 7. d5 Qe8 8. Nc3 Na6 9. Nd4 Bd7 10. Rb1 c6 11. b4 Rc8 12. Qd3 h6 13. a3 Nc7 14. Bb2 Ng4 15. Nf3 g5 16. Qd2 Qh5 17. Nd1 Nf6 18. Ne3 f4 19. Nc2 cxd5 20. Bxf6 Bxf6 21. cxd5 Nb5 22. Nfd4 Nc3 23. Rb3 Na4 24. Qd3 Be5 25. Ne6 Bxe6 26. dxe6 Nc3 27. Re1 Rc7 28. Bf1 f3 29. e3 g4 30. Nd4 Na4 31. Qe4 Nc3 32. Qd3 Na4 33. Qe4 Nc3 34. Rxc3 Rxc3 35. Nb5 Rcc8 36. Bd3 1-0


[Site "https://www.chess.com"]

[Event "Titled Tuesday Blitz February 28 Early 2023"]
[White "Ilinca Ilinca, Felix Antonio"]
[Black "Boyer, Mahel"]
[WhiteFideId "54764998"]
[BlackFideId "45102422"]
[WhiteElo "2031"]
[BlackElo "2434"]
[Result "1-0"]
[Round "04"]
[TimeControl "180+2"]
[Date "2023.02.28"]
[WhiteClock "0:00:28"]
[BlackClock "0:00:07"]

1. e4 Nc6 2. d4 d5 3. e5 Bf5 4. c3 e6 5. Nd2 h5 6. Ngf3 g5 7. h3 Bg7 8. Nb3 g4 9. hxg4 hxg4 10. Rxh8 Bxh8 11. Ng5 f6 12. exf6 Bxf6 13. Qd2 Qe7 14. Bb5 e5 15. Bxc6+ bxc6 16. Kf1 Nh6 17. dxe5 Qxe5 18. f4 Qe7 19. Qe2 Qxe2+ 20. Kxe2 Kd7 21. Be3 Re8 22. Rh1 Bxg5 23. fxg5 Nf7 24. Kf2 Ne5 25. Nc5+ Kd6 26. Rh6+ Ng6 27. Bd4 Rf8 28. Kg3 Rf7 29. b4 Ke7 30. Rh1 Kf8 31. Bf6 Kg8 32. Nb7 Rh7 33. Re1 Rf7 34. Nd8 Rf8 35. Nxc6 Be4 36. Kxg4 Re8 37. Kg3 Kf7 38. Nxa7 Ke6 39. Nb5 Kd7 40. Nd4 Ra8 41. Re2 Ra3 42. Nb5 Ra4 43. Rd2 c6 44. Nd4 Ra3 45. Nb3 Kc8 46. Nc5 Bf5 47. Kf3 Nh4+ 48. Kf4 Bg6 49. g4 Ra7 50. Rh2 Rh7 51. Kg3 Nf3 52. Rxh7 Bxh7 53. Kxf3 Bg6 54. Kf4 Kc7 55. Ke5 Kb6 56. Kd6 Kb5 57. Bd4 Kc4 58. Kxc6 Be8+ 59. Kd6 Bg6 60. Ke6 Be8 61. Kf6 Ba4 62. g6 1-0


[Site "https://www.chess.com"]

[Event "Titled Tuesday Blitz February 28 Early 2023"]
[White "Christiansen, Johan-Sebastian"]
[Black "Demin, Vladimir"]
[WhiteFideId "1512668"]
[BlackFideId "4167457"]
[WhiteElo "2517"]
[BlackElo "2549"]
[Result "0-1"]
[Round "04"]
[TimeControl "180+2"]
[Date "2023.02.28"]
[WhiteClock "0:00:11"]
[BlackClock "0:00:14"]

1. e4 e5 2. Nf3 Nc6 3. Nc3 Nf6 4. a3 Bc5 5. Nxe5 Nxe5 6. d4 Bd6 7. f4 Nc6 8. e5 Be7 9. d5 Nb8 10. exf6 Bxf6 11. Bd3 d6 12. O-O O-O 13. Ne4 Bf5 14. Qh5 Bg6 15. Qf3 Bxe4 16. Bxe4 Nd7 17. c3 Qe7 18. Bc2 Rae8 19. Bd2 Qe2 20. Qh3 g6 21. Rf2 Qb5 22. Rb1 Nb6 23. f5 Qxd5 24. Bh6 Bg7 25. Rd1 Qe5 26. Bxg7 Kxg7 27. f6+ Kh8 28. Qh6 Rg8 29. Rf3 Qh5 30. Qd2 Nc4 31. Qd4 Ne5 32. Rg3 Nd7 33. Rh3 Qc5 34. Qxc5 Nxc5 35. Rd4 h5 36. Rd5 Re5 37. Rxe5 dxe5 38. Re3 Nd7 39. Rd3 Nxf6 40. Re3 Kg7 41. Bb3 Re8 42. Rf3 c6 43. h3 e4 44. Rf2 Nd5 45. Kf1 e3 46. Rf3 f5 47. g3 Nf6 48. Ke2 Ne4 49. g4 hxg4 50. hxg4 fxg4 51. Rf4 Ng3+ 52. Ke1 Nf5 53. Rxg4 Rd8 54. Bc2 Kf6 55. Rg2 Rd2 56. Rxd2 exd2+ 57. Kxd2 Ke5 58. Kd3 Kf4 59. Bd1 g5 60. Kc4 Ne3+ 61. Kc5 Nxd1 62. Kd6 g4 63. Kc7 g3 64. Kxb7 g2 65. Kxc6 g1=Q 66. Kb7 Qb6+ 67. Ka8 Ne3 68. c4 Nxc4 69. a4 Nd6 70. a5 Qb7# 0-1


[Site "https://www.chess.com"]

[Event "Titled Tuesday Blitz February 28 Early 2023"]
[White "Di Nicolantonio, Lucas"]
[Black "Ozen, Bahadir"]
[WhiteFideId "680460"]
[BlackFideId "6337058"]
[WhiteElo "2358"]
[BlackElo "2503"]
[Result "1-0"]
[Round "04"]
[TimeControl "180+2"]
[Date "2023.02.28"]
[WhiteClock "0:00:14"]
[BlackClock "0:00:18"]

1. Nf3 g6 2. e4 Bg7 3. d4 d6 4. Be3 Nf6 5. Nc3 O-O 6. Qd2 Bg4 7. h4 Nc6 8. O-O-O e5 9. d5 Nd4 10. Nxd4 exd4 11. Bxd4 Bxd1 12. Qxd1 c5 13. Be3 a6 14. h5 b5 15. hxg6 fxg6 16. e5 dxe5 17. Bxc5 Rf7 18. g3 Rc8 19. b4 Nd7 20. Ne4 Nxc5 21. bxc5 Qa5 22. Qg4 Qe1+ 23. Kb2 Qb4+ 24. Kc1 Rxc5 25. Nf6+ Rxf6 26. Qxb4 Bf8 27. Qh4 Rf7 28. Bh3 Be7 29. Qh6 Bf8 30. Qe3 Kh8 31. Be6 Rfc7 32. Qxe5+ Bg7 33. Qe4 Bf8 34. Qxg6 Rg7 35. Rxh7+ 1-0


[Site "https://www.chess.com"]

[Event "Titled Tuesday Blitz February 28 Early 2023"]
[White "Borrmann, Laurenz"]
[Black "polandchessplayer"]
[WhiteFideId "312187930"]
[WhiteElo "2307"]
[BlackElo "2768"]
[Result "1/2-1/2"]
[Round "04"]
[TimeControl "180+2"]
[Date "2023.02.28"]
[WhiteClock "0:00:03"]
[BlackClock "0:00:07"]

1. d4 Nf6 2. c4 c5 3. d5 e6 4. Nc3 exd5 5. cxd5 d6 6. e4 g6 7. f4 Bg7 8. Bb5+ Nfd7 9. a4 O-O 10. Nf3 Na6 11. O-O Nc7 12. Be2 Re8 13. Kh1 a6 14. f5 Ne5 15. Bg5 f6 16. Bf4 Nxf3 17. Bxf3 g5 18. Bg3 Qe7 19. a5 Bd7 20. Qb3 Nb5 21. Nxb5 Bxb5 22. Rfe1 Rac8 23. Bh5 Red8 24. Be2 c4 25. Qc2 Bf8 26. h4 h6 27. Bf3 Rc7 28. Rad1 Rdc8 29. Kg1 Qe8 30. hxg5 Ba4 31. Qc3 Bxd1 32. Bxd1 fxg5 33. e5 dxe5 34. Bxe5 Qf7 35. Bxc7 Rxc7 36. Re6 Qxf5 37. Bc2 Bc5+ 38. Kh2 Qf4+ 39. g3 Qf2+ 40. Kh3 g4+ 41. Kxg4 Rg7+ 42. Bg6 h5+ 43. Kg5 Be7+ 44. Kh6 Bf8 45. Kxh5 Qh2+ 46. Kg4 Qh6 47. Qf6 c3 48. bxc3 Qh1 49. Re8 Qd1+ 50. Kg5 Qd2+ 51. Kh5 Qd1+ 52. Kh4 Qh1+ 53. Kg4 Qd1+ 54. Kh3 Qh1+ 55. Kg4 1/2-1/2


[Site "https://www.chess.com"]

[Event "Titled Tuesday Blitz February 28 Early 2023"]
[White "Florescu, Codrut-Constantin"]
[Black "Gledura, Benjamin"]
[WhiteFideId "1202200"]
[BlackFideId "712779"]
[WhiteElo "2191"]
[BlackElo "2537"]
[Result "1/2-1/2"]
[Round "04"]
[TimeControl "180+2"]
[Date "2023.02.28"]
[WhiteClock "0:00:42"]
[BlackClock "0:00:20"]

1. e4 e6 2. Nf3 d5 3. e5 c5 4. b4 cxb4 5. a3 bxa3 6. d4 Nc6 7. c3 Bd7 8. Bd3 Nh6 9. O-O Nf5 10. Ng5 Be7 11. Nh3 O-O 12. Nf4 Na5 13. Nh5 g6 14. Bxf5 exf5 15. Bxa3 gxh5 16. Bxe7 Qxe7 17. Rxa5 Be6 18. Qxh5 Kh8 19. Nd2 Rg8 20. Nf3 b6 21. Ra2 Rac8 22. Rfa1 Rc7 23. h4 Rg7 24. Ng5 Bc8 25. Qh6 Kg8 26. Qf6 Qxf6 27. exf6 Rg6 28. Rxa7 Rxa7 29. Rxa7 Rxf6 30. Rc7 Ba6 31. Rd7 Bc4 32. f4 h6 33. Nf3 Re6 34. Ne5 f6 35. Ng6 Bd3 36. Rxd5 Re2 37. Rd6 Be4 38. h5 Rxg2+ 39. Kf1 Rc2 40. Rxb6 Rxc3 41. Rxf6 Kg7 42. Rd6 Rh3 43. Rd7+ Kf6 44. Rd6+ Kf7 45. Rd7+ Ke6 46. Nf8+ Kf6 47. Nh7+ Ke6 48. Nf8+ Kf6 49. Nh7+ Ke6 50. Nf8+ 1/2-1/2


[Site "https://www.chess.com"]

[Event "Titled Tuesday Blitz February 28 Early 2023"]
[White "Milikow, Yoav"]
[Black "Turzo, Attila"]
[WhiteFideId "2822237"]
[BlackFideId "704954"]
[WhiteElo "2410"]
[BlackElo "2542"]
[Result "1-0"]
[Round "04"]
[TimeControl "180+2"]
[Date "2023.02.28"]
[WhiteClock "0:00:40"]
[BlackClock "0:00:39"]

1. d4 Nf6 2. c4 c5 3. d5 b5 4. cxb5 a6 5. b6 g6 6. Nc3 d6 7. e4 Nbd7 8. Nf3 Rb8 9. Nd2 Nxb6 10. Be2 Bg7 11. O-O O-O 12. Rb1 Ne8 13. Qc2 Nc7 14. a4 e6 15. a5 Nba8 16. Nc4 exd5 17. Nxd5 Nxd5 18. exd5 Nc7 19. Bf4 Nb5 20. Bd3 Qf6 21. Qd2 Qd8 22. Rfe1 Bb7 23. Bf1 Qd7 24. Nb6 Qc7 25. Re3 Rfe8 26. Rbe1 Rxe3 27. Rxe3 Rd8 28. Qe2 Nd4 29. Qe1 Nc2 30. Re8+ Bf8 31. Qe4 Kg7 32. Rxd8 Qxd8 33. Qxc2 Be7 34. Qd2 h5 35. h3 Bf6 36. Nc4 Qa8 37. Bxd6 Bxd5 38. Nb6 Qc6 39. Qxd5 Qxd5 40. Nxd5 Bxb2 41. Bxc5 Be5 42. Bxa6 1-0


[Site "https://www.chess.com"]

[Event "Titled Tuesday Blitz February 28 Early 2023"]
[White "Kislov, Oleg"]
[Black "Real_OceanStorm"]
[WhiteFideId "13503774"]
[WhiteElo "2186"]
[BlackElo "2756"]
[Result "0-1"]
[Round "04"]
[TimeControl "180+2"]
[Date "2023.02.28"]
[WhiteClock "0:00:08"]
[BlackClock "0:00:09"]

1. e4 c5 2. Nf3 Nc6 3. c3 e6 4. d4 cxd4 5. cxd4 d5 6. e5 Qb6 7. Nc3 h6 8. Bd3 Bd7 9. Ne2 O-O-O 10. a3 g5 11. h3 Nge7 12. b4 Kb8 13. Bb2 a6 14. Qd2 Rg8 15. g4 Rc8 16. Bc3 Ng6 17. Rb1 Na7 18. O-O Bb5 19. Rfc1 Bxd3 20. Qxd3 Nb5 21. Bd2 Rxc1+ 22. Rxc1 Na7 23. Qb3 Nc6 24. Rb1 Be7 25. Be3 f6 26. exf6 Bxf6 27. a4 Rd8 28. b5 Nce7 29. bxa6 Qxa6 30. Nc3 Rc8 31. Nb5 Ka8 32. Qb4 Rc6 33. Nd2 Nh4 34. Nb3 Rc4 35. Qd6 Qxd6 36. Nxd6 Rb4 37. a5 Nc6 38. Nd2 Rxb1+ 39. Nxb1 Nf3+ 40. Kg2 Nfxd4 41. Nd2 Kb8 42. Ne8 Bd8 43. Ng7 e5 44. Bxd4 Nxd4 45. Nf5 Nxf5 46. gxf5 Kc7 47. Kf3 Kc6 48. Kg4 Bxa5 49. Nf3 Kd6 50. Kh5 e4 51. Nh2 d4 52. Kg6 d3 53. f6 Ke6 54. f7 Bb4 55. Ng4 Bf8 56. Ne3 d2 57. Nd1 b5 58. Nb2 b4 59. Nd1 b3 60. Nb2 Ba3 61. Nd1 h5 62. Kg7 b2 63. f8=Q Bxf8+ 64. Kxf8 b1=Q 65. Ne3 d1=Q 66. Nxd1 Qxd1 67. Kg7 Qd5 0-1


[Site "https://www.chess.com"]

[Event "Titled Tuesday Blitz February 28 Early 2023"]
[White "Samunenkov, Ihor"]
[Black "Ehlvest, Jaan"]
[WhiteFideId "14187086"]
[BlackFideId "4500016"]
[WhiteElo "2457"]
[BlackElo "2442"]
[Result "1-0"]
[Round "04"]
[TimeControl "180+2"]
[Date "2023.02.28"]
[WhiteClock "0:00:21"]
[BlackClock "0:00:34"]

1. e4 c5 2. Nf3 Nc6 3. Bb5 g6 4. O-O Bg7 5. c3 Nf6 6. Re1 O-O 7. d4 d5 8. e5 Ne4 9. Bxc6 bxc6 10. Be3 Rb8 11. Qc1 Qb6 12. b3 f6 13. exf6 Bxf6 14. Nbd2 Bf5 15. dxc5 Qc7 16. Nd4 Nxd2 17. Qxd2 e5 18. Nxf5 gxf5 19. f4 Rbe8 20. fxe5 Bxe5 21. Bh6 Rf6 22. Bf4 Rfe6 23. Bxe5 Rxe5 24. Qg5+ Qg7 25. Qxg7+ Kxg7 26. Rxe5 Rxe5 27. Kf2 Re4 28. Re1 Rf4+ 29. Kg3 Rg4+ 30. Kf3 Kf6 31. Re8 d4 32. h3 Rh4 33. c4 1-0


[Site "https://www.chess.com"]

[Event "Titled Tuesday Blitz February 28 Early 2023"]
[White "Mayank Chakraborty"]
[Black "Trost, Edvin"]
[WhiteFideId "25659766"]
[BlackFideId "1729519"]
[WhiteElo "2103"]
[BlackElo "2395"]
[Result "1-0"]
[Round "04"]
[TimeControl "180+2"]
[Date "2023.02.28"]
[WhiteClock "0:00:08"]
[BlackClock "0:00:03"]

1. e4 c5 2. Nf3 g6 3. d4 cxd4 4. Nxd4 Bg7 5. c4 Nc6 6. Be3 Nf6 7. Nc3 O-O 8. Be2 d6 9. f3 h5 10. Qd2 Bd7 11. b3 h4 12. O-O h3 13. g3 Rc8 14. Rad1 a6 15. a4 Ne5 16. Bh6 Qb6 17. Kh1 Nc6 18. Be3 Qd8 19. g4 Re8 20. Nc2 Ne5 21. g5 Nh7 22. Nd5 e6 23. Bb6 Qxg5 24. Nde3 Qf4 25. Ng4 Qxd2 26. Rxd2 Nxg4 27. fxg4 Be5 28. Bd4 Bc6 29. Bxe5 dxe5 30. Nb4 Bxe4+ 31. Bf3 Bxf3+ 32. Rxf3 Ng5 33. Rfd3 a5 34. Nc2 Ne4 35. Re2 Nc5 36. Rxh3 e4 37. Nd4 Rcd8 38. Nb5 Rd3 39. Rhe3 Red8 40. g5 Nxb3 41. Rxe4 Nd2 42. Rf4 R8d7 43. c5 Nb3 44. Rc4 Rd2 45. Rxd2 Rxd2 46. Nd6 Nxc5 47. Ne8 Nd7 48. Rc7 Kf8 49. Nf6 Ke7 50. Rxb7 Kd8 51. Ne4 Rd1+ 52. Kg2 e5 53. Rb5 Rd4 54. Kf3 Rxa4 55. Rb7 Rd4 56. h4 a4 57. Ra7 Ke7 58. Ra6 Kd8 59. Ra7 Kc8 60. Ra8+ Kb7 61. Ra5 Kb6 62. Ra8 Kb5 63. Nc3+ Kb4 64. Nxa4 Rxh4 65. Ra7 Rf4+ 66. Ke3 Nc5 67. Nb6 Re4+ 68. Kf3 Rd4 69. Rxf7 Kc3 70. Rc7 Kb4 71. Rc6 Kb5 72. Rxg6 Rf4+ 73. Ke3 Ne4 74. Nc8 Kc5 75. Re6 Rf5 76. Ne7 Rxg5 77. Kxe4 Kc4 78. Rc6+ Kb5 79. Rc1 Rg1 80. Rxg1 Kb4 81. Kxe5 Kc3 82. Nf5 Kd2 83. Rg4 Kc3 84. Rd4 Kc2 85. Ke4 Kb2 86. Ne3 Kb1 87. Rc4 Kb2 88. Kd3 Ka1 89. Rb4 Ka2 90. Kc3 Ka1 91. Nc2+ Ka2 92. Rb2# 1-0


[Site "https://www.chess.com"]

[Event "Titled Tuesday Blitz February 28 Early 2023"]
[White "Martin Duque, Jesus"]
[Black "Tatarinov, Dmitry"]
[WhiteFideId "2208954"]
[BlackFideId "24160067"]
[WhiteElo "2305"]
[BlackElo "2326"]
[Result "1-0"]
[Round "04"]
[TimeControl "180+2"]
[Date "2023.02.28"]
[WhiteClock "0:00:49"]
[BlackClock "0:00:17"]

1. Nf3 d5 2. b3 Bg4 3. e3 Nd7 4. h3 Bh5 5. Bb2 Ngf6 6. d3 e6 7. g4 Bg6 8. Nh4 Bb4+ 9. Nd2 Qe7 10. a3 Bd6 11. g5 Nh5 12. Rg1 h6 13. Nxg6 fxg6 14. Qg4 O-O-O 15. h4 Be5 16. d4 Bh2 17. Rh1 Bd6 18. c4 hxg5 19. hxg5 c6 20. Bh3 Rde8 21. f4 Kb8 22. c5 Nxc5 23. dxc5 Bxc5 24. Be5+ Ka8 25. Ke2 Bd6 26. Nf3 Bxa3 27. Ra2 Bc5 28. Rha1 Bb6 29. Nd4 Qb4 30. Nxe6 a6 31. Kf2 Qxb3 32. Qe2 Ba7 33. Nc7+ Kb8 34. Nxe8+ 1-0


[Site "https://www.chess.com"]

[Event "Titled Tuesday Blitz February 28 Early 2023"]
[White "Goltsev, Dmitry"]
[Black "Mendez Fortes, Eduardo Jesus"]
[WhiteFideId "24176710"]
[BlackFideId "3502376"]
[WhiteElo "2302"]
[BlackElo "2307"]
[Result "1-0"]
[Round "04"]
[TimeControl "180+2"]
[Date "2023.02.28"]
[WhiteClock "0:02:48"]
[BlackClock "0:01:34"]

1. e4 e5 2. Nf3 Nc6 3. Bb5 Nf6 4. O-O Nxe4 5. d4 Nd6 6. Bxc6 dxc6 7. dxe5 Nf5 8. Qxd8+ Kxd8 9. Rd1+ Ke8 10. Bg5 Be6 11. Nc3 h6 12. Bf4 b6 13. b3 Ne7 14. Ne4 Bd5 15. Nfd2 Ng6 16. Bg3 c5 17. c4 Bc6 18. f4 Ne7 19. Nc3 Nf5 20. Bf2 h5 21. Nf1 h4 22. Rd2 Rd8 23. Rad1 Rxd2 24. Rxd2 Be7 25. Nd5 Bd8 26. g4 hxg3 27. hxg3 Bb7 28. g4 Nh6 29. Nfe3 c6 30. Nc3 Bc7 31. Ne4 Ke7 32. g5 Ng8 33. Nf5+ Ke8 34. Nfd6+ 1-0


[Site "https://www.chess.com"]